 Dungeon Crawl Stone Soup version 0.16.1-30-g34a7ffa (webtiles) character file.

2401 Jb9000 the Covert (level 9, 0/66 HPs)
             Began as a Vampire Fighter on June 20, 2015.
             Was a Believer of Qazlal.
             Succumbed to a killer bee's poison
             ... on level 7 of the Dungeon.
             The game lasted 00:59:06 (7114 turns).

Jb9000 the Covert (Vampire Fighter)                 Turns: 7114, Time: 00:59:06

Health: 0/66       AC:  9    Str: 19    XL:     9   Next: 23%
Magic:  8/15       EV:  9    Int: 11    God:    Qazlal [**....]
Gold:   685        SH: 13    Dex: 14    Spells: 2 memorised, 9 levels left

rFire  . . .     SeeInvis +     F - +5 captain's cutlass {speed}
rCold  . . .     Clarity  +     b - +0 scale mail
rNeg   . . .     SustAb   .     c - +0 shield
rPois  .         Gourm    .     (no helmet)
rElec  .         Spirit   .     (no cloak)
rCorr  .         Warding  .     z - +1 pair of gloves
rMut   .         Stasis   .     (no boots)
MR     .....                    l - amulet of clarity
Stlth  +++.......               E - +3 ring of strength
                                u - ring of wizardry

@: lethally poisoned (0 -> -1), very slightly contaminated, regenerating
quickly, not resistant to hostile enchantments, fairly stealthy
A: bottle blood, fangs 3, see invisible, unbreathing
a: Upheaval, Renounce Religion


You were on level 7 of the Dungeon.
You worshipped Qazlal.
Qazlal was pleased with you.
You were full.

You visited 1 branch of the dungeon, and saw 8 of its levels.
You also visited: Ossuary.

You collected 730 gold pieces.
You spent 45 gold pieces at shops.

Inventory:

Hand weapons
 e - a +4 quarterstaff of chaos
 q - a +0 hunting sling
 r - a +1 dagger of freezing
 s - a +1 whip of freezing
 w - a +1 dagger of venom
 y - a +1 blowgun
 F - the +5 captain's cutlass (weapon) {speed}
   (You found it on level 4 of the Dungeon)

   Attacks with this weapon are significantly faster.
Missiles
 g - 45 poisoned needles
 h - 79 sling bullets
 i - 9 arrows of flame
 k - 8 bolts of frost
 o - 7 tomahawks (quivered)
 v - 4 javelins
 G - 9 sling bullets of flame
Armour
 b - a +0 scale mail (worn)
 c - a +0 shield (worn)
 z - a +1 pair of gloves (worn)
 B - a +0 plate armour
Magical staves
 p - an uncursed staff of earth
Jewellery
 l - an amulet of clarity (around neck)
 u - a ring of wizardry (left hand)
 E - a +3 ring of strength (right hand)
Scrolls
 a - a scroll of teleportation
 f - 5 scrolls of remove curse
 j - 2 scrolls of magic mapping
 m - 3 scrolls of identify
 D - 2 scrolls of blinking
Potions
 d - 15 potions of blood
 n - a potion of might
 A - a potion of agility
Books
 t - a book of the Tempests

   Spells                             Type                      Level
   a - Static Discharge               Conjuration/Air              3
   b - Lightning Bolt                 Conjuration/Air              5
   c - Fireball                       Conjuration/Fire             5
   d - Tornado                        Air                          9
   e - Shatter                        Earth                        9
 x - a book of the Dragon

   Spells                             Type                      Level
   a - Flight                         Charms/Air                   3
   b - Cause Fear                     Hexes                        4
   c - Bolt of Fire                   Conjuration/Fire             6
   d - Dragon Form                    Transmutation                7
   e - Dragon's Call                  Summoning                    9
 H - a book of Minor Magic

   Spells                             Type                      Level
   a - Magic Dart                     Conjuration                  1
   b - Blink                          Translocation                2
   c - Call Imp                       Summoning                    2
   d - Repel Missiles                 Charms/Air                   2
   e - Slow                           Hexes                        2
   f - Conjure Flame                  Conjuration/Fire             3
   g - Mephitic Cloud                 Conjuration/Poison/Air       3


   Skills:
 + Level 4.6 Fighting
 * Level 5.3(5.7) Short Blades
   Level 2.4(4.0) Long Blades
 - Level 1.2 Staves
 - Level 1.0(1.9) Slings
 + Level 2.5(2.6) Throwing
 + Level 4.2 Armour
 + Level 4.1 Dodging
 * Level 8.6 Stealth
 + Level 4.4 Shields
 + Level 2.4 Spellcasting


You had 9 spell levels left.
You knew the following spells:

 Your Spells              Type           Power        Failure   Level  Hunger
a - Magic Dart            Conj           #...         95%         1    ##.....
b - Blink                 Tloc           N/A          99%         2    ###....


Dungeon Overview and Level Annotations

Branches:
Dungeon (8/15)             Temple (0/1) D:7
   Lair: D:8-11

Altars:
Fedhas
Makhleb
Qazlal
Sif Muna

Shops:
D:7 ?


Innate Abilities, Weirdness & Mutations

Your natural rate of healing is unusually fast.
You can bottle blood from corpses.
You have razor-sharp teeth.
You have supernaturally acute eyesight.
You can survive without breathing.


Message History

The killer bee barely misses you.
You hit the killer bee.
The killer bee is moderately wounded.
You feel sick.
The killer bee stings you but does no damage.
You slash the killer bee!
The killer bee explodes!
The fiery explosion engulfs you!
* * * LOW HITPOINT WARNING * * *
Qazlal accepts your kill.
* * * LOW HITPOINT WARNING * * *
You feel sick.
Read which item? (? for menu, Esc to quit)
Blink to where?
Press: ? - help, Dir - move target cursor You are very lightly contaminated with residual magic.
As you read the scroll of blinking, it crumbles to dust.
Drink which item? (? for menu, Esc to quit)
Yummy - fresh blood!
You die...

#...##.##### ###8.8.8#
#.⌠.⌠.# #8.∩.8# #.⌠.⌠.#
#8.8.8##############
###.......##..§.†§%#
######### #..#..§....§.§§#.#
#.......# #..#.#@.♣.♣.##§#.#
#..##.#.###....##..>..##.#.#
#..##..........##.♣.♣....#.#
#..####.###...###......###.#
#..####.# #..## #..#.#.###.#
#.......# #..####.##.......#
#.####### #.......####.#####
...# ##'###### #.# ...#
##...## #.#


There were no monsters in sight!

Vanquished Creatures
  Pikel (D:7)
  A slave (D:7)
  An ogre (D:4)
  3 phantoms
  A black bear (D:7)
  The ghost of Miyamura the Chiller, an average MfIE (D:4)
  Duvessa (D:4)
  A giant frog (D:6)
  Blork the orc (D:4)
  2 scorpions
  Dowan (D:4)
  2 crimson imps
  A centaur zombie (Ossuary)
  3 killer bees (D:7)
  A jelly (D:6)
  An orc priest (D:4)
  Crazy Yiuf (D:2)
  2 giant frog zombies
  A hound (D:4)
  2 iguanas
  An orc wizard (D:6)
  Natasha (thrice) (D:4)
  9 worker ants
  2 big kobold zombies (Ossuary)
  2 mummies (Ossuary)
  Robin (D:3)
  2 white imps (D:4)
  10 adders
  A giant mite (D:7)
  2 shadow imps (D:4)
  A worm (D:2)
  2 oozes
  19 orcs
  13 bats
  A bat skeleton (D:6)
  11 hobgoblins
  6 jackals
  18 kobolds
  4 quokkas
  A ball python (D:3)
  A ball python zombie (D:5)
  5 giant cockroaches
  A giant cockroach zombie (D:6)
  3 giant geckos
  A giant gecko zombie (D:6)
  3 giant newts
  3 gnoll zombies (Ossuary)
  26 goblins
  3 goblin zombies (Ossuary)
  2 hobgoblin zombies
  4 orc zombies (Ossuary)
  A quokka skeleton (D:6)
  14 rats
  2 ballistomycetes (D:7)
  A fungus (D:2)
207 creatures vanquished.

Vanquished Creatures (others)
  A kobold (D:7)
  A giant spore (D:7)
  A ballistomycete (D:7)
3 creatures vanquished.

Grand Total: 210 creatures vanquished

Notes
Turn   | Place    | Note
--------------------------------------------------------------
     0 | D:1      | Jb9000, the Vampire Fighter, began the quest for the Orb.
     0 | D:1      | Reached XP level 1. HP: 17/17 MP: 1/1
   257 | D:1      | Reached XP level 2. HP: 20/23 MP: 2/2
   380 | D:1      | Reached skill level 1 in Dodging
   428 | D:1      | Reached skill level 1 in Stealth
   987 | D:2      | Reached XP level 3. HP: 28/28 MP: 3/3
  1385 | D:2      | Reached skill level 3 in Shields
  1769 | D:2      | Noticed Crazy Yiuf
  1777 | D:2      | Killed Crazy Yiuf
  1777 | D:2      | Reached XP level 4. HP: 23/34 MP: 4/4
  2354 | D:3      | Reached XP level 5. HP: 37/41 MP: 5/5
  2402 | D:3      | Reached skill level 1 in Slings
  2404 | D:3      | Noticed Robin
  2558 | D:3      | Killed Robin
  3158 | D:3      | Noticed a water elemental
  3160 | D:3      | Found a stormy altar of Qazlal.
  3161 | D:3      | Noticed an air elemental
  3161 | D:3      | Noticed a fire elemental
  3166 | D:3      | Became a worshipper of Qazlal Stormbringer
  3200 | D:4      | Noticed an ogre
  3229 | D:4      | Killed an ogre
  3229 | D:4      | Reached skill level 1 in Staves
  3229 | D:4      | Reached skill level 4 in Stealth
  3229 | D:4      | Reached XP level 6. HP: 47/47 MP: 6/6
  3328 | D:4      | Noticed Duvessa
  3328 | D:4      | Noticed Dowan
  3338 | D:4      | Killed Duvessa
  3338 | D:4      | Reached skill level 1 in Short Blades
  3340 | D:4      | Killed Dowan
  3362 | D:4      | Reached skill level 1 in Throwing
  3379 | D:4      | Reached skill level 5 in Stealth
  3582 | D:4      | Noticed Miyamura's ghost (average MfIE)
  3595 | D:4      | Killed Miyamura's ghost
  3595 | D:4      | Reached XP level 7. HP: 29/52 MP: 6/8
  3632 | D:4      | Found a burning altar of Makhleb.
  3681 | D:4      | Noticed Natasha
  3688 | D:4      | Killed Natasha
  3689 | D:4      | Noticed a phantom
  3696 | D:4      | Acquired Qazlal's first power
  3696 | D:4      | Reached skill level 1 in Spellcasting
  3712 | D:4      | Killed a phantom
  3712 | D:4      | Reached skill level 6 in Stealth
  3812 | D:4      | Noticed Natasha
  3829 | D:4      | Killed Natasha
  3937 | D:4      | Noticed Natasha
  3943 | D:4      | Killed Natasha
  4027 | D:4      | Noticed Blork the orc
  4037 | D:4      | Killed Blork the orc
  4260 | D:5      | Entered Level 5 of the Dungeon
  4926 | D:6      | Reached XP level 8. HP: 50/60 MP: 11/11
  4982 | D:6      | Found a sand-covered staircase.
  5011 | D:6      | Acquired Qazlal's second power
  5088 | Ossuary  | Entered an ossuary
  5202 | Ossuary  | Reached skill level 7 in Stealth
  6084 | D:7      | Found a deep blue altar of Sif Muna.
  6087 | D:7      | Found a blossoming altar of Fedhas.
  6111 | D:7      | Noticed Pikel
  6138 | D:7      | Killed Pikel
  6138 | D:7      | Reached skill level 5 in Short Blades
  6138 | D:7      | Reached skill level 8 in Stealth
  6191 | D:7      | Reached XP level 9. HP: 28/66 MP: 15/15
  6313 | D:7      | Learned a level 1 spell: Magic Dart
  6316 | D:7      | Learned a level 2 spell: Blink
  6470 | D:7      | Found Ufym's Magic Scroll Shop.
  6471 | D:7      | Found a staircase to the Ecumenical Temple.
  6477 | D:7      | Bought a scroll of teleportation for 45 gold pieces
  7111 | D:7      | HP: 1/66 [killer bee/exploding inner flame[the player character] (24)]
  7114 | D:7      | Succumbed to a killer bee's poison

Action                   |  1- 3 |  4- 6 |  7- 9 || total
-------------------------+-------+-------+-------++-------
Melee: Long sword        |    41 |       |       ||    41
       Dagger            |    42 |       |       ||    42
       Quarterstaff      |       |    76 |       ||    76
       Cutlass           |       |    48 |   296 ||   344
       Blowgun           |       |       |     1 ||     1
 Fire: Hunting sling     |    35 |    28 |     4 ||    67
       Blowgun           |       |    43 |    88 ||   131
Throw: Tomahawk          |       |       |    14 ||    14
       Javelin           |       |       |     5 ||     5
Invok: Upheaval          |       |       |     2 ||     2
  Use: Potion            |     9 |     8 |    20 ||    37
       Scroll            |     3 |     3 |    15 ||    21
 Stab: Sleeping          |       |     5 |     6 ||    11
       Distracted        |       |     1 |     5 ||     6
